 Dungeon Crawl Stone Soup version 0.26.1-2-gb8aa6d0cf2 (webtiles) character file.

Game seed: 8011202800236365607

135 Revguard the Chopper (level 4, -12/37 HPs)
             Began as a Demonspawn Chaos Knight on Mar 26, 2021.
             Was a Plaything of Xom.
             Mangled by an orc warrior
             ... wielding a +0 long sword
              (24 damage)
             ... on level 2 of the Dungeon.
             The game lasted 00:03:19 (1787 turns).

Revguard the Chopper (Demonspawn Chaos Knight)      Turns: 1787, Time: 00:03:19

Health: -12/37     AC:  5    Str: 13    XL:     4   Next: 97%
Magic:  4/4        EV: 11    Int: 13    God:    Xom [..*...]
Gold:   114        SH:  0    Dex: 13    Spells: 3/3 levels left

rFire    . . .     SeeInvis +   a - +0 hand axe (chaos)
rCold    . . .     Faith    .   (no shield)
rNeg     . . .     Spirit   .   b - +2 leather armour
rPois    .         Reflect  .   (no helmet)
rElec    .         Harm     .   (no cloak)
rCorr    .         Rampage  .   (no gloves)
Will     +....                  (no boots)
Stlth    +.........             (no amulet)
HPRegen  0.12/turn              c - ring of willpower
MPRegen  0.09/turn              e - ring of see invisible

@: no status effects
A: talons 1, powered by death 1
a: Renounce Religion


You were on level 2 of the Dungeon.
You worshipped Xom.
You were a toy of Xom.
You visited 1 branch of the dungeon, and saw 2 of its levels.

You collected 114 gold pieces.

Inventory:

Hand Weapons
 a - a +0 hand axe of chaos (weapon)
Armour
 b - a +2 leather armour (worn)
Jewellery
 c - a ring of willpower (left hand)
 e - a ring of see invisible (right hand)
Scrolls
 d - a scroll of amnesia {unknown}
 f - 2 scrolls of teleportation {unknown}
 g - 2 scrolls of identify {unknown}
 h - 4 scrolls of blinking {unknown}
 j - a scroll of fear {unknown}
 l - a scroll of immolation {unknown}
 n - a scroll of remove curse {unknown}
Potions
 k - a potion of magic {unknown}
 m - a potion of haste {unknown}


   Skills:
 + Level 3.8 Fighting
 + Level 4.2 Axes
 + Level 2.3 Armour
 + Level 1.2 Dodging
 + Level 0.5 Stealth


You had 3 spell levels left.
You didn't know any spells.
Your spell library was empty.

Dungeon Overview and Level Annotations

Branches:
Dungeon (2/15)

Altars:
Ru
Zin


Innate Abilities, Weirdness & Mutations

You have sharp toenails.
You regenerate a little health from kills.


Message History

No target in view!
No target in view!
An orc warrior comes into view. It is wielding a +0 long sword.
The orc warrior shouts!
You see here a hobgoblin corpse.
You hit the orc warrior but do no damage.
The orc warrior goes berserk!
You claw the orc warrior, but do no damage.
The orc warrior barely misses you.
You hit the orc warrior.
The orc warrior is poisoned.
Your kick misses the orc warrior.
The orc warrior is lightly wounded.
The orc warrior barely misses you.
An orc wizard comes into view. It is wielding a +0 dagger.
The orc warrior hits you with a +0 long sword!!
Ouch! That really hurt!
The orc warrior hits you with a +0 long sword!!
Ouch! That really hurt!
You die...
Xom laughs nastily!

#.###.#††(##...#.......#
#.# #.#...##..##.....#.#
#.# #...#..#......#.##..
#.# #.#.##....###.#....÷
#.# #.#.####....#....##.
#.###.#.# #.##.###..#..
#.##..#.# ##.##........#
#.##..#.# #..##......###
#.##..#@# #.###......#..
#..o..#o# #.# ##........
#...# #.# #........
###†# #.# #........
#.###.####....#...
##.[.....).........
##........##........
#..........#..#.#...
#..)..........#.#...


You could see an orc warrior (berserk, very poisoned).

Vanquished Creatures
  A bullfrog zombie (D:2)
  3 adders (D:2)
  3 gnolls (D:2)
  3 worms (D:2)
  2 dart slugs
  2 ball pythons (D:2)
  5 bats
  2 giant cockroaches (D:1)
  4 goblins
  2 hobgoblins
  A quokka (D:2)
  4 frilled lizards
  8 kobolds
  4 rats
44 creatures vanquished.

Notes
Turn   | Place    | Note
-------+----------+-------------------------------------------
     0 | D:1      | Revguard the Demonspawn Chaos Knight began the quest for
                  | the Orb.
     0 | D:1      | Reached XP level 1. HP: 18/18 MP: 1/1
    30 | D:1      | Reached skill level 3 in Axes
   158 | D:1      | Gained mutation: You have sharp toenails. [demonic
                  | ancestry]
   158 | D:1      | Reached XP level 2. HP: 24/24 MP: 2/2
   718 | D:2      | XOM: potion effect (haste)
   730 | D:2      | Reached skill level 1 in Dodging
   730 | D:2      | Gained mutation: You regenerate a little health from kills.
                  | [demonic ancestry]
   730 | D:2      | Reached XP level 3. HP: 23/29 MP: 3/3
   900 | D:2      | Reached XP level 4. HP: 24/35 MP: 4/4
   956 | D:2      | XOM: silly message
   958 | D:2      | Reached skill level 4 in Axes
  1024 | D:2      | XOM: enchant monster (bad)
  1053 | D:2      | XOM: cloud trail
  1133 | D:2      | Found a glowing silver altar of Zin.
  1133 | D:2      | XOM: 3-stop teleportation journey
  1295 | D:2      | Found a sacrificial altar of Ru.
  1782 | D:2      | Noticed an orc warrior
  1787 | D:2      | Mangled by an orc warrior

Illustrated notes

Levels and vault maps discovered:
D:1:      eino_arrival_water_star, layout_basic, feat_on_display
D:2:      layout_rooms, nicolae_ru_awakened_eye, lemuel_doored_altar,
          minmay_tall_x

Skill      XL: |  1  2  3  4 |
---------------+-------------+-----
Axes           | 3 4 |  4.2
Armour         | 2 |  2.3
Dodging        | 1 |  1.2
Fighting       | |  3.8
Stealth        | |  0.5

Action                   |  1- 3 |  4- 6 || total
-------------------------+-------+-------++-------
Melee: Hand axe          |    64 |    57 ||   121
       Kick              |    11 |    11 ||    22
  Use: Potion            |       |     2 ||     2
 Stab: Paralysed         |     1 |       ||     1
       Sleeping          |       |     1 ||     1
Armor: Leather armour    |    16 |    24 ||    40
       Skin              |       |     3 ||     3
Dodge: Dodged            |    40 |    42 ||    82
